[Event "Early-Titled-Tuesday-Blitz-April-23-2024"]
[Site "Chess.com"]
[Date "2024.04.23"]
[Round "3"]
[White "BenchGM"]
[Black "RedFirePanda"]
[Result "0-1"]
[WhiteElo "2282"]
[BlackElo "2472"]
[TimeControl "180+1"]
[EndTime "8:29:47 PDT"]
[Termination "RedFirePanda won by resignation"]

1. e4 d5 2. exd5 Qxd5 3. Nc3 Qd8 4. d4 Nf6 5. Nf3 c6 6. Bc4 Bf5 7. h3 e6 8. g4 Bg6 9. Ne5 Nbd7 10. Bg5 Be7 11. Qf3 Nb6 12. O-O-O Nxc4 13. Nxc4 Nd5 14. Bxe7 Qxe7 15. h4 Nxc3 16. Qxc3 Be4 17. f3 Bd5 18. g5 O-O-O 19. Kb1 Kb8 20. Na5 Qc7 21. Rd3 Rd7 22. Qb4 Qb6 23. Qxb6 axb6 24. Nb3 Rhd8 25. Rhd1 Bc4 26.
Re3 Bxb3 27. axb3 Rxd4 28. Rxd4 Rxd4 29. Re4 Rxe4 30. fxe4 Kc7 31. e5 b5 32. c4 bxc4 33. bxc4 Kd7 34. c5 Ke7 35. b4 f6 36. exf6+ gxf6 37.
Kc2 fxg5 38. hxg5 e5 39. Kd3 Kf7 40. Ke3 Kg6 41. Ke4 Kxg5 42. Kxe5 h5 43. Kd6 h4 44. Kc7 h3 45. Kxb7 h2 46. Kxc6 h1=Q+ 47. Kb6 Kf6 48.
c6 Ke7 49. c7 Kd7 50. b5 Qa8 51. c8=Q+ Kxc8 52. Kc5 Qb7 53. b6 Kd7 54. Kb5 Kd6 55. Ka5 Kc6 56. Ka4 Qxb6 57. Ka3 Kc5 58. Ka2 Kc4 0-1

[Event "Early-Titled-Tuesday-Blitz-April-23-2024"]
[Site "Chess.com"]
[Date "2024.04.23"]
[Round "3"]
[White "CSB7"]
[Black "DenLaz"]
[Result "1/2-1/2"]
[WhiteElo "2817"]
[BlackElo "3112"]
[TimeControl "180+1"]
[EndTime "8:29:48 PDT"]
[Termination "Game drawn by repetition"]

1. e4 c5 2. Nf3 e6 3. c3 d5 4. exd5 Qxd5 5. d4 Nf6 6. Na3 a6 7. Nc4 Nbd7 8. a4 cxd4 9. Qxd4 Bc5 10. Qxd5 Nxd5 11. a5 O-O 12. Be2 Rd8 13. O-O Nf8 14. Rd1 Bd7 15. Nce5 Be8 16. Bd2 f6 17. Nd3 Be7 18. c4 Nc7 19. Bb4 Bxb4 20. Nxb4 Kf7 21. Nd4 Nd7 22. Nb3 Ke7 23. f4 e5 24. g3 Ne6 25.
Bg4 Nc7 26. Kf2 g6 27. Bxd7 Rxd7 28. Nc5 Rxd1 29. Rxd1 exf4 30. gxf4 Rb8 31. Nd5+ Nxd5 32. cxd5 Bb5 33. d6+ Kd8 34. Re1 b6 35. axb6 Rxb6 36. Re7 Rxd6 37. Rxh7 Rd2+ 38. Ke3 Rxb2 39. Nb7+ Ke8 40.
Nd6+ Kf8 41. Rf7+ Kg8 42. Rxf6 Kg7 43. Rf7+ Kg8 44. Rb7 Re2+ 45. Kd4 Rd2+ 46. Ke5 Bc6 47. Rb6 Bb5 48. Nxb5 axb5 49. Rxb5 Kg7 50. Rb7+ Kh6 51. Rb6 Kg7 52. Rb7+ Kh6 53. Rb6 Kg7 54. Rb7+ 1/2-1/2

[Event "Early-Titled-Tuesday-Blitz-April-23-2024"]
[Site "Chess.com"]
[Date "2024.04.23"]
[Round "3"]
[White "Dr_Pepper18"]
[Black "marcodobrikov"]
[Result "0-1"]
[WhiteElo "2486"]
[BlackElo "2677"]
[TimeControl "180+1"]
[EndTime "8:29:49 PDT"]
[Termination "marcodobrikov won by checkmate"]

1. d4 g6 2. Nf3 Bg7 3. g3 Nf6 4. Bg2 O-O 5. O-O d5 6. c4 dxc4 7. Na3 c6 8. Nxc4 Bg4 9. Nce5 Be6 10. Ng5 Bc8 11. b3 Nbd7 12. Nc4 Nd5 13. Bb2 N7b6 14.
e4 Nxc4 15. bxc4 Nb6 16. c5 Nc4 17. Bc3 b5 18. Nf3 a5 19. a3 Bg4 20. h3 Be6 21. Qe2 Qc7 22. Rfd1 Rfd8 23. Ng5 Bc8 24. Qf3 f6 25. d5 fxg5 26. Bxg7 Kxg7 27. dxc6 Be6 28.
a4 b4 29. Qe2 Qxc6 30. e5 Qxc5 31. Bxa8 Rxa8 32. Rac1 Rc8 33. Qd3 Qxe5 34. Re1 Qf6 35. Qe4 Nd6 36. Qe3 Rxc1 37. Rxc1 b3 38. Rb1 b2 39. Qc5 Nc4 40. Qc6 Nd2 41. Rxb2 Qxb2 42. Qxe6 Qf6 43. Qe2 Nf3+ 44. Kg2 Nd4 45. Qc4 Qe5 46.
Qc6 h5 47. Qb6 g4 48. hxg4 hxg4 49. Qb7 Kf7 50. Kh2 Nf3+ 51. Kg2 Qh5 52. Qb3+ Kg7 53.
Qc3+ Kh7 54. Kf1 Qd5 55. Qc7 Qd1+ 56. Kg2 Qg1# 0-1

[Event "Early-Titled-Tuesday-Blitz-April-23-2024"]
[Site "Chess.com"]
[Date "2024.04.23"]
[Round "3"]
[White "MikeWizard"]
[Black "Kazmin_Semyon"]
[Result "1/2-1/2"]
[WhiteElo "2193"]
[BlackElo "2564"]
[TimeControl "180+1"]
[EndTime "8:29:49 PDT"]
[Termination "Game drawn by repetition"]

1. d4 Nf6 2. c4 g6 3. Nc3 d5 4.
cxd5 Nxd5 5. e4 Nxc3 6. bxc3 Bg7 7. Nf3 c5 8. Rb1 O-O 9. Be2 Nc6 10. d5 Ne5 11.
Nxe5 Bxe5 12. Qd2 b6 13. f4 Bg7 14. O-O Bb7 15. Bf3 c4 16. Ba3 Qd7 17. e5 Rfd8 18.
Rfd1 e6 19. d6 Bxf3 20. gxf3 Qc6 21. Kf2 Qa4 22. Bc1 Rac8 23. Rb4 Qc6 24. Qe3 Rd7 25. Qe4 Qc5+ 26. Be3 Qa5 27. Rd2 Qa6 28. a4 h5 29.
Rd4 Bh6 30. Rdxc4 Rxc4 31. Qxc4 Qb7 32. Qe4 Qa6 33. Rc4 Rd8 34. Rc7 Qa5 35. Qc4 Bf8 36.
Qc6 Qa6 37. c4 Qa5 38. d7 Qc3 39. Rc8 Qc2+ 40. Kg3 h4+ 41. Kh3 Qf5+ 42. Kg2 Qc2+ 43. Bf2 Rxd7 44. Qxd7 Kg7 45. Rxf8 Kxf8 46. Qd6+ Kg7 47.
c5 bxc5 48. Qxc5 h3+ 49. Kg3 Qxa4 50. Kxh3 Qd1 51. Kg2 Qd2 52. Qxa7 Qxf4 53. Qc7 Qg5+ 54. Bg3 Qd2+ 55. Kh3 Qh6+ 56. Kg2 Qd2+ 57. Kh3 Qh6+ 58. Kg2 Qd2+ 1/2-1/2

[Event "Early-Titled-Tuesday-Blitz-April-23-2024"]
[Site "Chess.com"]
[Date "2024.04.23"]
[Round "3"]
[White "NovakCabarkapa"]
[Black "AnishOnYoutube"]
[Result "0-1"]
[WhiteElo "2778"]
[BlackElo "3076"]
[TimeControl "180+1"]
[EndTime "8:29:51 PDT"]
[Termination "AnishOnYoutube won on time"]

1. d4 Nf6 2. Nc3 d5 3. Bf4 Bf5 4. e3 e6 5. Nf3 Bb4 6. Bd3 Nbd7 7. O-O Bxc3 8. bxc3 O-O 9. c4 dxc4 10. Bxc4 Qe7 11.
Bd3 c5 12. Bxf5 exf5 13. dxc5 Rfc8 14. Bd6 Qe4 15. Rb1 Nxc5 16. Ng5 Qh4 17. Nf3 Qa4 18.
Bxc5 Rxc5 19. Rxb7 Qxa2 20. Ng5 Qa6 21. Qb1 Rf8 22.
Qb3 Ne4 23. Nxe4 fxe4 24. Rb8 Rcc8 25. Rb4 Qc6 26. h3 Qxc2 27. Qxc2 Rxc2 28. Rxe4 a5 29. Ra4 Ra8 30. Rfa1 Rc5 31. h4 g6 32. g3 Kg7 33.
Kg2 h6 34. e4 Kf6 35. f4 Ra6 36. R1a3 h5 37. Kf3 Ke6 38. Ke3 Rb5 39. Kf3 Kf6 40. Ke3 Ke7 41. Kf3 Ke6 42. Ke3 Rc5 43. Kf3 Kd7 44.
Rd4+ Ke7 45. Rad3 Ra7 46. Ra4 Rb5 47. Ke3 Rab7 48. Rda3 Rb3+ 49. Kd4 R7b4+ 50. Kd5 Rxg3 51. Rxa5 Rd3+ 52. Kc5 Rxa3 53. Kxb4 Re3 54. Re5+ Kf6 55. Kc4 Rf3 0-1

[Event "Early-Titled-Tuesday-Blitz-April-23-2024"]
[Site "Chess.com"]
[Date "2024.04.23"]
[Round "3"]
[White "Susal_De_Silva"]
[Black "crescentmoon2411"]
[Result "1-0"]
[WhiteElo "2692"]
[BlackElo "2897"]
[TimeControl "180+1"]
[EndTime "8:29:51 PDT"]
[Termination "Susal_De_Silva won by resignation"]

1. e4 c6 2. d4 d5 3. Nc3 dxe4 4. Nxe4 Nf6 5. Nxf6+ exf6 6. c3 Bd6 7. Bd3 h5 8.
Ne2 h4 9. h3 O-O 10. O-O Re8 11.
Nf4 f5 12. Qh5 Qf6 13. Bd2 g6 14. Qf3 Be6 15. Rae1 Nd7 16. Nxe6 fxe6 17. Bc4 Kg7 18. Bf4 Bxf4 19. Qxf4 e5 20. dxe5 Nxe5 21. Bb3 Re7 22. Re3 Rae8 23. Rfe1 g5 24. Qd4 f4 25. Re4 f3 26.
Qe3 fxg2 27. Kxg2 Ng6 28. Bc2 Rxe4 29. Bxe4 Nf4+ 30. Kf1 Qe6 31. Qd4+ Kh6 32. Re3 Qe5 33. Qd7 Re7 34. Qd8 Re8 35. Qd7 Re7 36. Qd8 Qg7 37. Bf5 Rxe3 38. fxe3 Nd5 39. e4 Qf6 40. Qd7 Ne7 41.
Kf2 Nxf5 42. exf5 b6 43. Kf3 c5 44. Kg4 a5 45. a4 Qe5 46. Qe6+ Qxe6 47. fxe6 Kg6 48.
e7 Kf7 49. Kxg5 Kxe7 50. Kxh4 1-0

[Event "Early-Titled-Tuesday-Blitz-April-23-2024"]
[Site "Chess.com"]
[Date "2024.04.23"]
[Round "3"]
[White "MFatigue"]
[Black "VirtualCoach"]
[Result "1-0"]
[WhiteElo "2558"]
[BlackElo "2003"]
[TimeControl "180+1"]
[EndTime "8:29:51 PDT"]
[Termination "MFatigue won on time"]

1. e4 c5 2. a3 e6 3. b4 cxb4 4.
axb4 Bxb4 5. Bb2 Nf6 6. e5 Ng8 7. c4 Nc6 8. Qg4 g6 9. Nf3 h5 10.
Qf4 Be7 11. h4 Nh6 12. Nc3 Nf5 13. Ne4 Qc7 14. Be2 b6 15. d4 Nb4 16. O-O Bb7 17. Neg5 f6 18. Ne4 O-O 19. g4 Ng7 20. Ng3 g5 21.
Qd2 hxg4 22. hxg5 f5 23. Nh4 f4 24. Ng2 Bxg5 25. f3 Qd8 26. Qxb4 fxg3 27. fxg4 Be7 28. Qd2 Bg5 29. Qd3 Bxg2 30. Kxg2 Qe7 31. Qg6 Bf4 32. Ba3 Qg5 33. Qxg5 Bxg5 34. Bxf8 Rxf8 35. Rxf8+ Kxf8 36. Kxg3 a5 37. c5 bxc5 38. dxc5 Be3 39. Rxa5 Bd4 40. Kf4 Ke7 41. Ke4 Bf2 42. Bf3 Ne8 43. Kd3 Nc7 44. Kc4 Ne8 45. Ra7 Kd8 46. Ra8+ Ke7 47. Rb8 Nc7 48. Rb7 Nd5 49. Bxd5 exd5+ 50. Kxd5 Bg3 51. e6 1-0

[Event "Early-Titled-Tuesday-Blitz-April-23-2024"]
[Site "Chess.com"]
[Date "2024.04.23"]
[Round "3"]
[White "Balla_Tamas"]
[Black "Rsnr"]
[Result "0-1"]
[WhiteElo "2541"]
[BlackElo "2893"]
[TimeControl "180+1"]
[EndTime "8:29:52 PDT"]
[Termination "Rsnr won by resignation"]

1. e4 e5 2. Nf3 Nc6 3. d4 exd4 4. Nxd4 Nf6 5. Nxc6 bxc6 6. e5 Qe7 7. Qe2 Nd5 8. h4 f6 9. c4 Ba6 10. Rh3 fxe5 11.
Bg5 Nf6 12. Re3 d6 13. Nc3 h6 14. Bxf6 gxf6 15. O-O-O O-O-O 16. g3 h5 17. Bh3+ Kb8 18. Qf3 Bh6 19. Qxc6 Bb7 20. Qb5 c6 21. Qb4 Bxe3+ 22. fxe3 Rhg8 23. Bg2 Qc7 24. Ne4 c5 25. Qd2 Qe7 26.
Rf1 Rg4 27. Nxf6 Rxc4+ 28. Kb1 Bxg2 29. Qxg2 e4 30. Qe2 Qe6 31. Nxh5 Rb4 32. Nf4 Qe5 33. a3 Rb7 34. Ng6 Qd5 35. h5 Qb3 36. Ka1 c4 37.
Rc1 d5 38. h6 Qb6 39. Nf4 Qxh6 40. Qg4 Qb6 41. Rc2 c3 42. Qg5 cxb2+ 43. Kb1 a5 44. Qe5+ Ka7 45. Nxd5 Qb3 46. Qd4+ Kb8 47. Qe5+ Ka8 48. Nc7+ Ka7 49. Qc5+ Qb6 50. Nb5+ Ka6 51. Nc7+ Rxc7 52. Qxc7 Rd1+ 0-1

[Event "Early-Titled-Tuesday-Blitz-April-23-2024"]
[Site "Chess.com"]
[Date "2024.04.23"]
[Round "3"]
[White "Levanzovsky"]
[Black "CarlosjPineror"]
[Result "0-1"]
[WhiteElo "2522"]
[BlackElo "2770"]
[TimeControl "180+1"]
[EndTime "8:29:52 PDT"]
[Termination "CarlosjPineror won by checkmate"]

1. e4 c5 2. Nf3 e6 3. d4 cxd4 4. Nxd4 a6 5. g3 Qc7 6. Bg2 Nf6 7. Nc3 h5 8. a3 h4 9. Be3 Nc6 10. f4 d6 11. Qd3 Bd7 12. O-O-O Be7 13. Rhf1 Rc8 14.
f5 Ne5 15. Qe2 h3 16. Bh1 b5 17. fxe6 fxe6 18. Bg5 Nc4 19. Nf5 exf5 20. Nd5 Nxd5 21. exd5 Ne5 22. Bxe7 Kxe7 23. g4 Qc4 24. Qd2 Kd8 25. Kb1 fxg4 26. Rf4 Qc5 27. Rdf1 Kc7 28. a4 Kb7 29. Be4 bxa4 30. Bf5 Bxf5 31. Rxf5 g3 32.
hxg3 h2 33. Rh1 Qg1+ 34. Rf1 Qxf1+ 35. Rxf1 h1=Q 36. Rxh1 Rxh1+ 37. Ka2 Rc4 38. Qa5 Rh2 39. Qd8 Rcxc2 40. Qe7+ Ka8 41. Qd8+ Kb7 42. Qe7+ Kc8 43. Qe8+ Kc7 44. Qe7+ Nd7 45. Qxg7 Rxb2+ 46. Ka3 Ra2+ 47. Kb4 Rhb2+ 48. Ka5 a3 49. Qc3+ Kb8 50. Qh8+ Kc7 51.
Qc3+ Nc5 52. Qg7+ Kb8 53. Qf8+ Ka7 54. Qe7+ Rb7 55. Qxd6 Rb5# 0-1

[Event "Early-Titled-Tuesday-Blitz-April-23-2024"]
[Site "Chess.com"]
[Date "2024.04.23"]
[Round "3"]
[White "dvglko"]
[Black "arenal72"]
[Result "0-1"]
[WhiteElo "2445"]
[BlackElo "2625"]
[TimeControl "180+1"]
[EndTime "8:29:52 PDT"]
[Termination "arenal72 won by resignation"]

1. e4 Nc6 2. Nf3 d6 3. Bb5 Nf6 4. Nc3 g6 5. O-O Bg7 6. d4 a6 7. Ba4 b5 8. Bb3 O-O 9. Bg5 h6 10. Bxf6 Bxf6 11. a4 Rb8 12. axb5 axb5 13. Nd5 Bg7 14.
c3 b4 15. Ba4 Bd7 16. Re1 bxc3 17. bxc3 e6 18. Bxc6 Bxc6 19. Nb4 Bb5 20. c4 Bd7 21. Nc2 c5 22. Ra6 cxd4 23. Rxd6 Qc7 24. e5 Ba4 25. Nfxd4 Bxe5 26. Ra6 Bxc2 27. Nxc2 Bxh2+ 28. Kh1 Be5 29. Qd3 Bg7 30. Ne3 Rfd8 31. Qe4 Rd4 32. Qf3 Rf4 33. Qg3 h5 34. Kg1 h4 35. Qg5 h3 36. g3 Rd4 37. Ng4 Qxc4 38. Nf6+ Bxf6 39. Qxf6 Qxa6 40. Qxd4 Qc6 41. Qe4 Qxe4 42. Rxe4 Kg7 43. Kh2 Rh8 44. Rh4 Rxh4 45. gxh4 Kh6 46. Kxh3 Kh5 47. Kg3 e5 48. Kh3 f5 49. f3 f4 50. Kg2 Kxh4 51. Kf2 g5 52. Ke2 g4 53.
Kf2 g3+ 54. Kg2 Kg5 55. Kg1 Kf5 56. Kg2 e4 57. fxe4+ Kxe4 58. Kf1 Kf3 59. Kg1 Ke2 60. Kg2 f3+ 61. Kxg3 f2 0-1

[Event "Early-Titled-Tuesday-Blitz-April-23-2024"]
[Site "Chess.com"]
[Date "2024.04.23"]
[Round "3"]
[White "hongnhung1234"]
[Black "profedechess93"]
[Result "0-1"]
[WhiteElo "2551"]
[BlackElo "2674"]
[TimeControl "180+1"]
[EndTime "8:29:53 PDT"]
[Termination "profedechess93 won on time"]

1. e4 e6 2. d4 d5 3. Nc3 Nf6 4. e5 Nfd7 5. Nce2 c5 6. c3 Nc6 7.
f4 cxd4 8. cxd4 Qb6 9. Nf3 f6 10. a3 fxe5 11. fxe5 Be7 12. b4 O-O 13. Nc3 Ndxe5 14.
dxe5 Nxe5 15. Nd4 Bh4+ 16. g3 Bf6 17. Be3 Nf3+ 18. Qxf3 Bxd4 19. Na4 Qc7 20. Qxf8+ Kxf8 21. Bxd4 e5 22. Bb2 Kg8 23. Rd1 Bd7 24. Nc5 d4 25. Bc4+ Kh8 26. O-O Bc6 27. Bd3 b6 28. Ne4 h6 29.
Rc1 Qb7 30. Rfe1 Rd8 31. b5 Bd5 32. a4 Qf7 33. Rf1 Qh5 34. Rce1 Qg6 35. Nf2 Qe6 36. Ne4 Qg4 37. Nf2 Qf3 38. Be4 Bxe4 39. Nxe4 Qb3 40. Bc1 Qd5 41. Nd2 d3 42. Nf3 e4 43. Nd2 Qc5+ 44. Kg2 e3 45. Ne4 Qc2+ 0-1

[Event "Early-Titled-Tuesday-Blitz-April-23-2024"]
[Site "Chess.com"]
[Date "2024.04.23"]
[Round "3"]
[White "lagedema"]
[Black "Bogdan_Bodnar"]
[Result "0-1"]
[WhiteElo "2416"]
[BlackElo "2240"]
[TimeControl "180+1"]
[EndTime "8:29:53 PDT"]
[Termination "Bogdan_Bodnar won by resignation"]

1. e4 c6 2. Nf3 d5 3. Nc3 dxe4 4.
Nxe4 Nf6 5. Qe2 Bf5 6. Nxf6+ gxf6 7. d3 Nd7 8. g3 Qb6 9. Nh4 Be6 10. Bg2 Bd5 11.
O-O Bxg2 12. Kxg2 O-O-O 13. Be3 Qa5 14. b4 Qd5+ 15. Kg1 Kb8 16. c4 Qd6 17. Nf5 Qxb4 18. Rfb1 Qa5 19. Qf3 Ne5 20. Qe4 Ka8 21. Rb3 e6 22.
Nd4 Qc7 23. Rab1 Bc5 24. Rxb7 Qxb7 25. Rxb7 Kxb7 26. f4 Bxd4 27. Bxd4 Nf3+ 28. Qxf3 Rxd4 29. Kf2 Rhd8 30. Qh5 R8d7 31. Qxh7 Rxd3 32. h4 Ra3 33. h5 Rxa2+ 34. Kf3 Ra3+ 35. Kg4 f5+ 36. Kh4 Kc7 37. Qg7 Rd1 38. Qxf7+ Kb6 39. Qxe6 Rh1+ 40. Kg5 Rxg3+ 41.
Kh6 Rgh3 42. Qxf5 Rxh5+ 43. Qxh5 Rxh5+ 44. Kxh5 a5 45. f5 a4 46. f6 a3 47. f7 a2 48. f8=Q a1=Q 49. Qb4+ Kc7 50. Qe7+ Kb6 51. Qd8+ Kc5 52. Qf8+ Kxc4 53. Qf7+ Kb5 54. Qf5+ c5 55.
Qd7+ Kb4 56. Qb7+ Kc4 57. Qf7+ Kb4 58. Qb7+ Kc4 59. Qe4+ Qd4 60. Qc2+ Kd5 61. Qf5+ Qe5 62. Kg4 Qxf5+ 63. Kxf5 Kd4 64. Kf4 Kd3 65. Kf3 Kd2 66. Ke4 c4 67. Kd4 c3 68. Kd5 c2 69. Ke5 c1=Q 70.
Ke6 Qc3 0-1

[Event "Early-Titled-Tuesday-Blitz-April-23-2024"]
[Site "Chess.com"]
[Date "2024.04.23"]
[Round "3"]
[White "Fy_Rakotomaharo"]
[Black "alpope"]
[Result "1-0"]
[WhiteElo "2713"]
[BlackElo "2505"]
[TimeControl "180+1"]
[EndTime "8:29:54 PDT"]
[Termination "Fy_Rakotomaharo won by resignation"]

1. d4 g6 2. e4 Bg7 3. Nc3 d6 4. Nf3 a6 5. a4 Nd7 6. Bc4 e6 7. h4 h6 8. Be3 Ne7 9. Qd2 b6 10. O-O Bb7 11. d5 e5 12. h5 Nf6 13. hxg6 fxg6 14. Nh2 g5 15. Be2 Bc8 16. f3 O-O 17. Nd1 Ng6 18. a5 b5 19. c4 bxc4 20. Bxc4 Nf4 21.
g3 N4h5 22. Qg2 Kh8 23. Nf2 Rb8 24. b3 Qe8 25. Rfb1 Qg6 26. Be2 Bb7 27. b4 c6 28.
dxc6 Bxc6 29. Bxa6 d5 30. Bd3 dxe4 31. Nxe4 Nxe4 32.
Bxe4 Bxe4 33. fxe4 Nf4 34. gxf4 exf4 35. Bc5 Bxa1 36.
Rxa1 Rfe8 37. a6 Kh7 38. a7 Rbd8 39. e5 h5 40. Bd6 g4 41. Qb7+ Kh6 42. a8=Q Rxa8 43.
Rxa8 Rxa8 44. Qxa8 f3 45. Qh8+ Kg5 46. Qf6+ Qxf6 47.
exf6 Kxf6 48. b5 Ke6 49. Bg3 Kd5 50. b6 Kc6 51. Bc7 Kb7 52. Kf2 Kc6 53. Kg3 Kb7 54. Nf1 Kc6 55. Ne3 Kb7 56. Nc4 h4+ 57. Kxh4 f2 58. Ne3 1-0

[Event "Early-Titled-Tuesday-Blitz-April-23-2024"]
[Site "Chess.com"]
[Date "2024.04.23"]
[Round "3"]
[White "maciek_92"]
[Black "Herzog2012"]
[Result "1/2-1/2"]
[WhiteElo "2832"]
[BlackElo "2544"]
[TimeControl "180+1"]
[EndTime "8:29:55 PDT"]
[Termination "Game drawn by repetition"]

1. c4 e5 2. Nc3 Nf6 3. g3 d5 4.
cxd5 Nxd5 5. Bg2 Nb6 6. e3 Nc6 7. Nge2 Bd6 8. d4 exd4 9. Nxd4 Nxd4 10. Qxd4 O-O 11. O-O Qe7 12. e4 Be5 13. Qe3 Nc4 14. Qe2 Be6 15. f4 Bd4+ 16. Kh1 f6 17. Rd1 c5 18. Nb5 Rfd8 19. Nxd4 cxd4 20. b3 Na5 21. Bb2 Nc6 22. Rd2 Rd7 23. Rad1 Rad8 24. h3 a5 25. Kh2 Qb4 26. Qf2 a4 27. bxa4 Qxa4 28. a3 d3 29. Qe3 Bb3 30. Rc1 Bc2 31. e5 fxe5 32. fxe5 Nd4 33. e6 Re7 34. Bxd4 Qxd4 35.
Qxd4 Rxd4 36. Rcxc2 dxc2 37. Rxd4 Rxe6 38. Rc4 Re2 39. Kg1 Re1+ 40. Kf2 c1=Q 41. Rxc1 Rxc1 42. Bxb7 Ra1 43. h4 Ra2+ 44. Kg1 Rxa3 45. Kg2 Kf7 46. Bd5+ Kf6 47. Be4 h6 48. Bc6 Kf5 49. Bd7+ Ke4 50.
Bc6+ Ke3 51. Bb7 Ra2+ 52. Kg1 Rb2 53. Bc6 Rf2 54. Bb7 g5 55. hxg5 hxg5 56. Bc6 Rb2 57.
Kf1 Rc2 58. Bb7 Rb2 59. Bc6 Rd2 60. Kg1 Rf2 61. Bb7 g4 62. Bc6 Rf3 63. Kg2 Rf6 64. Bd7 Rf2+ 65. Kg1 Kf3 66. Bxg4+ Kxg3 67. Bh5 Rh2 68.
Bg6 Rg2+ 69. Kf1 Rf2+ 70. Ke1 Kf3 71. Kd1 Ke3 72. Bh7 Rd2+ 73. Kc1 Rh2 74. Bg6 Rg2 75. Bh7 Kd4 76. Kd1 Rh2 77. Bg6 Kc3 78. Ke1 Rb2 79. Bh7 Kd4 80. Kd1 Rf2 81. Bg6 Ke3 82. Kc1 Rd2 83. Bh7 Re2 84. Bg6 Rg2 85. Bh7 Rg3 86. Kd1 Kd4 87. Bf5 Rg2 88. Bh7 Rh2 89. Bg6 Ra2 90. Bh7 Rg2 91. Bf5 Kc3 92. Ke1 Rd2 93.
Bg6 Rg2 94. Bh7 Rh2 95. Bg6 Kd4 96. Kd1 1/2-1/2

[Event "Early-Titled-Tuesday-Blitz-April-23-2024"]
[Site "Chess.com"]
[Date "2024.04.23"]
[Round "3"]
[White "Kyrko_Gamba"]
[Black "EdmundPlayer"]
[Result "0-1"]
[WhiteElo "2432"]
[BlackElo "2282"]
[TimeControl "180+1"]
[EndTime "8:29:55 PDT"]
[Termination "EdmundPlayer won by checkmate"]

1. d4 Nf6 2. Nf3 g6 3. Bf4 Bg7 4. Qc1 c5 5. c3 b6 6. Bh6 Bxh6 7.
Qxh6 Bb7 8. Nbd2 cxd4 9. cxd4 Nc6 10. a3 Qc7 11. Rc1 Rc8 12. e4 Qb8 13. d5 Ne5 14.
Rxc8+ Bxc8 15. Be2 Nxf3+ 16. Bxf3 Qe5 17. O-O Qxb2 18. Nc4 Qc3 19. Rc1 Qb3 20. e5 Ba6 21. exf6 Bxc4 22. Qf4 O-O 23. fxe7 Re8 24. Qxc4 Qxa3 25.
h3 Rxe7 26. Qc8+ Kg7 27. Qc3+ Qxc3 28. Rxc3 Kf6 29. Ra3 d6 30. Kf1 Rc7 31. g3 Ke5 32.
Re3+ Kd4 33. Re4+ Kd3 34. Kg2 a5 35. Re3+ Kd4 36. Re4+ Kd3 37. Rf4 b5 38. Be4+ Kc3 39. Rf6 a4 40. Rxd6 Kd4 41. Bf3 a3 42. Ra6 b4 43. d6 Rd7 44. g4 Kc3 45. Rc6+ Kb2 46. Bd5 b3 47. Rb6 Rxd6 48. Rxb3+ Kc2 49. Rd3 a2 50. Bxa2 Kxd3 51. Bxf7 Rf6 52. Bg8 h6 53. h4 g5 54. hxg5 hxg5 55. Kg3 Ke2 56. Bd5 Rf4 57. Be4 Rxe4 58. f3 Rf4 59. Kg2 Rxf3 60. Kh2 Kf2 61. Kh1 Rh3# 0-1

[Event "Early-Titled-Tuesday-Blitz-April-23-2024"]
[Site "Chess.com"]
[Date "2024.04.23"]
[Round "3"]
[White "masnyszachistaaa"]
[Black "osielchesslover2011"]
[Result "1-0"]
[WhiteElo "2573"]
[BlackElo "2196"]
[TimeControl "180+1"]
[EndTime "8:29:56 PDT"]
[Termination "masnyszachistaaa won on time"]

1. c4 Nf6 2. Nc3 c5 3. g3 g6 4. Bg2 Bg7 5. Nf3 O-O 6. O-O d6 7. d3 Nc6 8. Bd2 Nd4 9. Nxd4 cxd4 10. Ne4 Nxe4 11. Bxe4 f5 12. Bg2 e5 13. b4 Qf6 14.
c5 dxc5 15. bxc5 Rb8 16. Qa4 h5 17. Qxa7 Be6 18. Bxb7 Qf7 19. Rab1 Ra8 20. Qb6 Rxa2 21. Rfd1 f4 22. gxf4 exf4 23. Bh1 Be5 24. Qb7 Qf6 25.
Rb6 Qg5+ 26. Qg2 Qf6 27. Rxe6 Qxe6 28. Qd5 Kf7 29. c6 Ra7 30. Rb1 Qxd5 31. Bxd5+ Kf6 32.
Rb7 Rxb7 33. cxb7 Rb8 34. Bb4 Rd8 35. Be4 Bb8 36. h4 Re8 37. Kg2 Re6 38. Kf3 Rb6 39. Bc5 Rb1 40. Bxd4+ Be5 41. Ba7 g5 42. hxg5+ Kxg5 43. Bc5 Bc7 44. Be7+ Kh6 45. Bh4 Kg7 46. Bg5 Bb8 47.
Bxf4 Bxf4 48. Kxf4 Kf6 49. d4 Rb4 50. e3 Ke7 51.
Kg5 Rb5+ 52. Kh4 Kf6 53. Bf3 1-0

[Event "Early-Titled-Tuesday-Blitz-April-23-2024"]
[Site "Chess.com"]
[Date "2024.04.23"]
[Round "3"]
[White "FischerKasparow"]
[Black "Tol_Tol"]
[Result "0-1"]
[WhiteElo "2109"]
[BlackElo "2383"]
[TimeControl "180+1"]
[EndTime "8:29:57 PDT"]
[Termination "Tol_Tol won by checkmate"]

1. e4 c5 2. Nf3 Nc6 3. d4 cxd4 4.
Nxd4 Nf6 5. Nc3 e5 6. Ndb5 d6 7. Bg5 a6 8. Na3 b5 9. Nd5 Be7 10.
Bxf6 Bxf6 11. c3 Bg5 12. Nc2 Rb8 13. Ncb4 Nxb4 14. Nxb4 Bb7 15. Bd3 a5 16. Bxb5+ Ke7 17.
Nc6+ Bxc6 18. Bxc6 Rxb2 19. O-O Qb6 20. Bd5 g6 21. g3 Rf8 22. h4 Bh6 23. Rb1 f5 24.
Rxb2 Qxb2 25. Qd3 f4 26. Qc4 Qb6 27. Qc6 Qxc6 28. Bxc6 Rc8 29. Bd5 Rxc3 30. Bg8 fxg3 31. fxg3 Rxg3+ 32. Kh2 Bf4 33. Kh1 Rh3+ 34. Kg2 Rxh4 35.
Rb1 h5 36. Rb7+ Kf6 37. Bd5 Rh2+ 38. Kg1 Kg5 39. Rg7 Rh3 40. Bf7 Rg3+ 41. Kf2 Kf6 42. Rh7 h4 43. Be8 h3 44. a4 g5 45. Rf7+ Ke6 46.
Rh7 g4 47. Bd7+ Kf6 48. Bxg4 Rxg4 49. Rxh3 Rg7 50. Rh8 Rb7 51. Rf8+ Ke7 52. Ra8 Rb4 53. Rxa5 Rxe4 54. Kf3 Ke6 55. Ra8 Re3+ 56. Kf2 Ra3 57. a5 Kf5 58. a6 Ke4 59. Ke2 Ra2+ 60. Kd1 Kd3 61. Ke1 Be3 62. Kf1 Rf2+ 63. Ke1 Rg2 64. Rg8 Rxg8 65. a7 Rg1# 0-1

[Event "Early-Titled-Tuesday-Blitz-April-23-2024"]
[Site "Chess.com"]
[Date "2024.04.23"]
[Round "3"]
[White "amylazy"]
[Black "Andrey_Klymchuk"]
[Result "0-1"]
[WhiteElo "2443"]
[BlackElo "2688"]
[TimeControl "180+1"]
[EndTime "8:30:00 PDT"]
[Termination "Andrey_Klymchuk won by resignation"]

1. d4 Nf6 2. Nf3 e6 3. e3 b6 4.
Bd3 Bb7 5. O-O c5 6. c4 Be7 7.
Nc3 O-O 8. d5 exd5 9. cxd5 d6 10. e4 Re8 11. h3 Ba6 12. Bf4 Bxd3 13. Qxd3 Nbd7 14. Rfe1 Bf8 15. Nb5 Qb8 16. a4 a6 17.
Nc3 Qc7 18. Bg5 g6 19. Rac1 Bg7 20. Bf4 c4 21. Qd2 Nc5 22. e5 dxe5 23. Bxe5 Qd8 24.
Nd4 Nd3 25. Nc6 Qd7 26. Bxf6 Bxf6 27. Rxe8+ Rxe8 28. Rf1 Bxc3 29. Qxc3 Qxd5 30. Nb4 Qe4 31. Nxa6 Nf4 32. Qf3 Qxf3 33. gxf3 Nxh3+ 34. Kh2 Ng5 35. Kg3 Re2 36. Rc1 Rxb2 37. Rxc4 Rb3 38. Rf4 Ne6 39.
Rb4 Rxb4 40. Nxb4 Nc5 41. Nd5 Nxa4 42. f4 Kg7 43. f5 g5 44. f6+ Kg6 45. f4 h5 46.
fxg5 Kxg5 47. Kf3 b5 48. Kg3 h4+ 49. Kh3 Nc5 50. Nb4 Ne4 51. Nc6 Nxf6 52. Ne5 b4 53.
Nxf7+ Kf4 54. Nd6 b3 55. Nc4 Kg5 56. Nb2 Nd5 57. Kh2 Nf4 58. Kg1 Kf5 59. Kh2 Ke4 60. Kg1 Kd4 61. Kf2 Kc3 62. Na4+ Kc2 63. Kf3 h3 64. Kg3 b2 65. Nxb2 Kxb2 66. Kh2 Kc3 67. Kg3 Kd4 0-1

[Event "Early-Titled-Tuesday-Blitz-April-23-2024"]
[Site "Chess.com"]
[Date "2024.04.23"]
[Round "3"]
[White "Ati1517"]
[Black "Rdeux42"]
[Result "0-1"]
[WhiteElo "2243"]
[BlackElo "2417"]
[TimeControl "180+1"]
[EndTime "8:30:01 PDT"]
[Termination "Rdeux42 won by resignation"]

1. e4 c5 2. Nf3 d6 3. d4 cxd4 4. Nxd4 Nf6 5. Nc3 a6 6. Bc4 Nbd7 7. O-O Qc7 8. Bb3 Nc5 9. Re1 e6 10. f4 Be7 11. Be3 Nfxe4 12. Nxe4 Nxe4 13. Qf3 Nc5 14. f5 e5 15. Ne2 Nxb3 16. cxb3 O-O 17. Rac1 Qa5 18. a3 d5 19. b4 Qd8 20. Rcd1 d4 21.
Ng3 Rb8 22. Ne4 b5 23. Rf1 Bb7 24. Qg4 f6 25. Bh6 Rf7 26. Nc5 Bxc5 27. bxc5 e4 28.
h4 Qd5 29. Bf4 Qxc5 30. Bxb8 Rd7 31. Bf4 Qe7 32. Rfe1 e3 33. h5 Qe4 34. Rxe3 Qc6 35. Re8+ Kf7 36. Qe2 Qxg2+ 37. Qxg2 Bxg2 38. Kxg2 Kxe8 39. Kf3 Kf7 40. h6 g5 41. fxg6+ hxg6 42. Rh1 Rd8 43. Ke4 g5 44. Bd2 Kg6 45. h7 Rh8 46. Kxd4 Rxh7 47. Rxh7 Kxh7 48. Ke4 Kg6 49. Kf3 Kf5 50. Bc3 Ke6 51.
Kg4 a5 52. b4 a4 53. Bd4 Kd5 54. Bxf6 Kc4 55. Bxg5 Kb3 56. Bc1 Kc2 57. Be3 Kb3 58. Kf4 Kxa3 59. Ke4 Kxb4 60. Kd3 Kb3 61. Bd4 a3 62.
Ba1 b4 63. Kd2 Ka2 64. Bd4 b3 65. Kc1 b2+ 0-1